 Dungeon Crawl Stone Soup version 0.27.1-3-gb3d3a73c9e (webtiles) character file.

Game seed: 15060758762601600976

568 Eitelfritz the Spear-Bearer (level 7, -2/52 HPs)
             Began as a Merfolk Gladiator on Oct 16, 2021.
             Slain by Grinder (4 damage)
             ... on level 5 of the Dungeon.
             The game lasted 00:09:59 (4911 turns).

Eitelfritz the Spear-Bearer (Merfolk Gladiator)     Turns: 4911, Time: 00:10:00

Health: -2/52      AC:  5    Str: 14    XL:     7   Next: 33%
Magic:  7/7        EV: 14    Int: 10    God:
Gold:   128        SH:  0    Dex: 15    Spells: 4/7 levels left

rFire    . . .     SeeInvis +   a - +0 trident
rCold    . . .     Faith    .   (no shield)
rNeg     . . .     Spirit   .   b - +0 leather armour
rPois    .         Reflect  .   c - +0 helmet
rElec    .         Harm     .   (no cloak)
rCorr    .         Rampage  .   f - +0 pair of gloves
Will     +....                  (no boots)
Stlth    ++........             (no amulet)
HPRegen  0.17/turn              l - ring of willpower
MPRegen  0.10/turn              n - ring of see invisible

@: mighty
A: (nimble swimmer 2), mertail
a: no special abilities


You were on level 5 of the Dungeon.
You visited 1 branch of the dungeon, and saw 5 of its levels.

You collected 128 gold pieces.

Inventory:

Hand Weapons
 a - a +0 trident (weapon)
Missiles
 d - 3 throwing nets (quivered)
Armour
 b - a +0 leather armour (worn)
 c - a +0 helmet (worn)
 f - a +0 pair of gloves (worn)
Jewellery
 l - a ring of willpower (left hand)
 n - a ring of see invisible (right hand)
Wands
 j - a wand of paralysis (4)
Scrolls
 i - 2 scrolls of teleportation
Potions
 e - a potion of brilliance {unknown}
 h - a potion of might
 k - 2 potions of haste {unknown}
 m - a potion of curing {unknown}


   Skills:
 + Level 3.4 Fighting
 + Level 8.0 Polearms
 + Level 2.3 Throwing
 + Level 2.2 Armour
 + Level 5.7 Dodging
 + Level 2.4 Stealth
 + Level 0.5 Spellcasting
 + Level 0.1 Conjurations


You had 4 spell levels left.
You knew the following spells:

 Your Spells              Type           Power      Damage    Failure   Level
a - Magic Dart            Conj           0%         1d3       38%         1
b - Blink                 Tloc           N/A        N/A       56%         2

Your spell library contained the following spells:

 Spells                   Type           Power      Damage    Failure   Level
 Shock                    Conj/Air       0%         1d3       41%         1
 Static Discharge         Conj/Air       0%         N/A       54%         2
 Call Imp                 Summ           0%         N/A       56%         2
 Mephitic Cloud           Conj/Pois/Air  0%         N/A       78%         3
 Dispel Undead            Necr           0%         3d6       99%         4
 Passage of Golubria      Tloc           N/A        N/A       99%         4
 Sticky Flame             Conj/Fire      0%         2d3       99%         4
 Freezing Cloud           Conj/Ice/Air   0%         6-21      100%        5


Dungeon Overview and Level Annotations

Branches:
Dungeon (5/15)
 Temple: D:4-7

Altars:

Shops:
D:3 :

Annotations:
D:4 Pikel
D:5 Grinder


Innate Abilities, Weirdness & Mutations

((You are quick and stealthy near water. (Stealth+, EV+, Speed+++)))
Your lower body shifts to a powerful aquatic tail in water.


Message History

Grinder misses you.
You completely miss Grinder.
Grinder is moderately wounded.
Grinder hits you.
You puncture Grinder!
Grinder is heavily wounded.
Grinder blinks!
You closely miss Grinder.
Grinder is heavily wounded.
Grinder gestures at you.
You suddenly lose the ability to move!
Grinder gestures at you. Pain shoots through your body!
Grinder blinks!
Grinder hits you.
You writhe in agony.
* * * LOW HITPOINT WARNING * * *
You can move again.
You barely miss Grinder.
Grinder is heavily wounded.
Grinder hits you.
* * * LOW HITPOINT WARNING * * *
You writhe in agony.
* * * LOW HITPOINT WARNING * * *
Unknown command.
It was a potion of might.
You feel very mighty all of a sudden. Grinder hits you.
* * * LOW HITPOINT WARNING * * *
You writhe in agony.
* * * LOW HITPOINT WARNING * * *
You puncture Grinder!
Grinder is severely wounded.
Grinder hits you.
* * * LOW HITPOINT WARNING * * *
Unknown command.
You hit Grinder but do no damage.
Grinder is severely wounded.
Grinder says, "I used to sell toenails on the black market."
Grinder hits you.
You die...

#[.((..# #.((...# #......#
#.....)# ###......# #....#
############....#
#..........'....# #.#
#.##########@5..# ###.#### #.#
#............ ...##.. #.#
#.###.#########..##<# #.# #.#
#........##..##.# #.#
####.##########.##..##.# #.#
#....##.........##..##.##
#####'###....++.........##.......
.......##....##........###..##.##
.......''....''........'....##...


You could see Grinder.

Vanquished Creatures
  A black bear (D:5)
  An ogre (D:5)
  A phantom (D:5)
  2 scorpions (D:5)
  A jelly (D:5)
  Ijyb (D:5)
  A howler monkey zombie (D:5)
  3 gnolls
  3 adders (D:2)
  An ufetubus (D:5)
  2 worms
  5 dart slugs
  2 orcs
  5 ball pythons
  4 bats
  6 endoplasms
  A giant cockroach (D:1)
  6 goblins
  3 hobgoblins
  2 quokkas
  2 frilled lizards
  4 kobolds
  7 rats
64 creatures vanquished.

Notes
Turn   | Place    | Note
-------+----------+-------------------------------------------
     0 | D:1      | Eitelfritz the Merfolk Gladiator began the quest for the
                  | Orb.
     0 | D:1      | Reached XP level 1. HP: 16/16 MP: 1/1
   157 | D:1      | Got the Incunabulum of Dislocation and Conjuration
   162 | D:1      | Reached XP level 2. HP: 22/22 MP: 2/2
   607 | D:1      | Found a faded altar of an unknown god.
   840 | D:1      | Reached XP level 3. HP: 25/27 MP: 3/3
  1011 | D:2      | Reached skill level 5 in Polearms
  1030 | D:2      | Reached skill level 5 in Dodging
  1211 | D:1      | Reached XP level 4. HP: 27/34 MP: 4/4
  2162 | D:2      | Reached skill level 1 in Armour
  2162 | D:2      | Reached skill level 1 in Stealth
  2666 | D:3      | Learned a level 1 spell: Magic Dart
  2954 | D:3      | Found Jussad's Book Shop.
  3048 | D:3      | Reached XP level 5. HP: 25/40 MP: 5/5
  3791 | D:4      | Noticed a lemure
  3791 | D:4      | Noticed a lemure
  3791 | D:4      | Noticed Pikel
  3792 | D:4      | Noticed a lemure
  3796 | D:5      | Entered Level 5 of the Dungeon
  3796 | D:5      | Noticed a black bear
  3809 | D:5      | Killed a black bear
  3810 | D:5      | Reached skill level 6 in Polearms
  4118 | D:5      | Reached XP level 6. HP: 47/47 MP: 6/6
  4136 | D:5      | Learned a level 2 spell: Blink
  4193 | D:5      | Noticed Ijyb
  4198 | D:5      | Paralysed by Ijyb for 2 turns
  4204 | D:5      | Killed Ijyb
  4255 | D:5      | Reached skill level 7 in Polearms
  4312 | D:5      | Reached XP level 7. HP: 12/52 MP: 7/7
  4876 | D:5      | Noticed Grinder
  4886 | D:5      | Reached skill level 8 in Polearms
  4901 | D:5      | Paralysed by Grinder for 6 turns
  4910 | D:5      | HP: 2/52 [Grinder (3)]
  4911 | D:5      | Slain by Grinder

Illustrated notes

Levels and vault maps discovered:
D:1:      wheals_arrival_shading, layout_loops_corners,
          chequers_ecumenical_altar_simple_redux
D:2:      layout_loops_corners, minmay_cupped
D:3:      layout_basic, serial_shops, nicolae_diamond_shop, chequers_avenue
D:4:      layout_loops_corners, marbit_many_paths, lemuel_tele_altar, uniq_pikel
D:5:      layout_basic, st_stairs_8, uniq_ijyb, uniq_grinder

Skill      XL: |  1  2  3  4  5  6  7 |
---------------+----------------------+-----
Polearms       | 5 6 7 8 |  8.0
Dodging        | 5 |  5.7
Armour         | 1 2 |  2.2
Stealth        | 1 2 |  2.4
Fighting       | 3 |  3.4
Throwing       | |  2.3
Spellcasting   | |  0.5
Conjurations   | |  0.1

Action                   |  1- 3 |  4- 6 |  7- 9 || total
-------------------------+-------+-------+-------++-------
Melee: Trident           |    63 |   152 |    22 ||   237
Throw: Javelin           |     2 |     6 |     5 ||    13
 Cast: Magic Dart        |       |     5 |       ||     5
  Use: Scroll            |       |     3 |       ||     3
       Potion            |       |       |     1 ||     1
 Stab: Sleeping          |     2 |     4 |     1 ||     7
Armor: Leather armour    |    16 |    40 |     2 ||    58
Dodge: Dodged            |    39 |    91 |     5 ||   135
